 Dungeon Crawl Stone Soup version 0.29-a0-550-g81e455f4c2 (webtiles) character file.

Game seed: 6484266486227790141

307 Querens the Shield-Bearer (level 6, -4/49 HPs)
             Began as a Formicid Fighter on June 5, 2022.
             Was an Initiate of Okawaru.
             Killed by divine providence
             ... invoked by an orc priest
              (15 damage)
             ... on level 4 of the Dungeon.
             The game lasted 00:08:07 (1938 turns).

Querens the Shield-Bearer (Formicid Fighter)        Turns: 1938, Time: 00:08:07

Health: -4/49      AC:  9    Str: 22    XL:     6   Next: 68%
Magic:  6/6        EV:  7    Int:  8    God:    Okawaru [......]
Gold:   141        SH:  5    Dex: 10    Spells: 5/5 levels left

rFire   . . .      SeeInvis +   a - +0 war axe
rCold   . . .      Faith    .   c - +0 buckler
rNeg    . . .      Spirit   .   i - +0 chain mail
rPois   .          Reflect  .   (helmet unavailable)
rElec   .          Harm     .   (no cloak)
rCorr   .          Rampage  .   (no gloves)
Will    .....                   (no boots)
Stlth   ..........              (no amulet)
HPRegen 0.16/turn               (no ring)
MPRegen 0.10/turn               (no ring)

@: mighty
A: permanent stasis, dig shafts and tunnels, antennae 3, four strong arms
a: Dig, Shaft Self, Renounce Religion


You were on level 4 of the Dungeon.
You worshipped Okawaru.
Okawaru was noncommittal.
You visited 2 branches of the dungeon, and saw 5 of its levels.

You collected 141 gold pieces.

Inventory:

Hand Weapons
 a - a +0 war axe (weapon)
Armour
 c - a +0 buckler (worn)
 i - a +0 chain mail (worn)
Jewellery
 g - a ring of fire
Scrolls
 b - a scroll of noise {unknown}
 h - a scroll of enchant armour
 k - a scroll of brand weapon {unknown}
 l - a scroll of amnesia {unknown}
 m - a scroll of blinking {unknown}
 n - 3 scrolls of immolation {unknown}
Potions
 d - a potion of might
 f - a potion of mutation
 j - a potion of attraction
 o - a potion of flight


   Skills:
 + Level 4.7 Fighting
 + Level 3.6 Axes
 + Level 4.7 Armour
 + Level 5.7 Shields


You had 5 spell levels left.
You didn't know any spells.
Your spell library contained the following spells:

 Spells                   Type           Power      Damage    Failure   Level
 Apportation              Tloc           0%         N/A       99%         1
 Beastly Appendage        Tmut           0%         N/A       99%         1
 Wereblood                Tmut           0%         N/A       99%         2
 Conjure Flame            Conj/Fire      0%         6-21      100%        3
 Frozen Ramparts          Ice            0%         1d2       100%        3
 Ignite Poison            Fire/Tmut/Pois 0%         N/A       100%        3
 Spider Form              Tmut/Pois      0%         N/A       100%        3
 Ice Form                 Ice/Tmut       0%         N/A       100%        4
 Sticky Flame             Conj/Fire      0%         2d3       100%        4
 Alistair's Intoxication  Tmut/Pois      0%         N/A       100%        5
 Summon Ice Beast         Ice/Summ       Unusable   N/A       N/A         4

Dungeon Overview and Level Annotations

Branches:
Dungeon (4/15)             Temple (1/1) D:4

Altars:
Ashenzari
Dithmenos
Fedhas
Gozag
Kikubaaqudgha
Makhleb
Nemelex Xobeh
Okawaru
Qazlal
Ru
Sif Muna
Uskayaw
Vehumet
Wu Jian
Xom
Yredelemnul
The Shining One


Innate Abilities, Weirdness & Mutations

You cannot be hasted, slowed, berserked, paralysed or teleported.
You can dig through walls and to a lower floor.
You have a pair of large antennae on your head. (SInv)
Your four strong arms can wield two-handed weapons with a shield.


Message History

The orc priest mumbles some strange prayers to Beogh against you.
Beogh smites you! You block the orc's attack. The endoplasm hits you.
Unknown command.
Unknown command.
Unknown command.
You barely miss the orc. You completely miss the orc priest.
You slash the endoplasm!
You kill the endoplasm!
Okawaru accepts your kill.
You feel sick.
The orc priest begins to cast a cantrip, but forgets the words!
You block the orc's attack.
Unknown command.
You slash the orc priest!
The orc priest is severely wounded.
You slash the orc!
You kill the orc!
Okawaru accepts your kill.
You hit the orc priest but do no damage.
You feel sick. The orc priest closely misses you.
You block the orc priest's attack.
Unknown command.
Unknown command.
You slash the orc priest!
You kill the orc priest!
Okawaru accepts your kill.
You hit the orc priest.
You kill the orc priest!
Okawaru accepts your kill.
You closely miss the orc priest.
You feel sick.
The orc priest hits you with a +0 dagger.
* * * LOW HITPOINT WARNING * * *
The orc priest hits you but does no damage.
Unknown command.
Unknown command.
You closely miss the orc priest.
You feel sick.
You are no longer poisoned.
The orc priest calls down the wrath of Beogh upon you.
Beogh smites you!
You die...

######## #######
#......# ......#
#......##########).....#
................@o.?....
#......##########).....#
#......# ......#
#†.....# ..J....
#......# .......
#......# ..###..
#......# ### . #......#
########


You could see an orc priest and an endoplasm.

Vanquished Creatures
  A hound (D:4)
  2 orc priests (D:4)
  Terence (D:3)
  An iguana (D:3)
  3 gnolls (D:1)
  5 adders
  A worm (D:3)
  3 dart slugs
  2 orcs (D:4)
  13 endoplasms
  2 giant cockroaches
  7 goblins
  8 hobgoblins
  8 quokkas
  5 ball pythons
  7 bats
  4 frilled lizards
  6 kobolds
  9 rats
88 creatures vanquished.

Vanquished Creatures (others)
  3 plants
3 creatures vanquished.

Grand Total: 91 creatures vanquished

Notes
Turn   | Place    | Note
-------+----------+-------------------------------------------
     0 | D:1      | Querens the Formicid Fighter began the quest for the Orb.
     0 | D:1      | Reached XP level 1. HP: 18/18 MP: 1/1
    55 | D:1      | Reached XP level 2. HP: 14/24 MP: 2/2
   131 | D:1      | Reached XP level 3. HP: 22/29 MP: 3/3
   448 | D:1      | Reached XP level 4. HP: 12/37 MP: 4/4
   507 | D:1      | Found a faded altar of an unknown god.
   817 | D:2      | Reached XP level 5. HP: 15/42 MP: 5/5
   903 | D:2      | Reached skill level 5 in Shields
  1254 | D:3      | Noticed Terence
  1570 | D:3      | Killed Terence
  1571 | D:3      | Reached XP level 6. HP: 39/49 MP: 6/6
  1630 | D:3      | Found an ornate altar of the Wu Jian Council.
  1679 | D:4      | Found a staircase to the Ecumenical Temple.
  1690 | Temple   | Entered the Ecumenical Temple
  1732 | Temple   | Became a worshipper of Warmaster Okawaru
  1938 | D:4      | Killed from afar by an orc priest

Illustrated notes

Levels and vault maps discovered:
D:1:      scummos_arrival_hexagon, layout_basic, shapermc_ecumenical_altar_petra
D:2:      layout_basic, chequers_serial_rivers_micro_a, serial_bayou_pond_a
D:3:      layout_basic, marbit_many_paths, uniq_terence
D:4:      layout_basic, temple_fountains, minmay_fountain_box
Temple:   nicolae_temple_elliptical

Skill      XL: |  1  2  3  4  5 |
---------------+----------------+-----
Armour         | 4 |  4.7
Fighting       | 4 |  4.7
Shields        | 5 |  5.7
Axes           | 3 |  3.6

Action                   |  1- 3 |  4- 6 || total
-------------------------+-------+-------++-------
Melee: War axe           |    64 |   170 ||   234
 Abil: Dig               |       |     3 ||     3
  Use: Scroll            |       |     6 ||     6
       Potion            |       |     2 ||     2
Armor: Scale mail        |    29 |    54 ||    83
       Chain mail        |       |    12 ||    12
Dodge: Dodged            |    37 |    78 ||   115
Block: Buckler           |    20 |    49 ||    69

Table legend: (Time is in decaauts)
 A = Elapsed time spent in this place.
 B = Non-inter-level travel time spent in this place.
 C = Inter-level travel time spent in this place.
 D = Time resting spent in this place.
 E = Time spent auto-exploring this place.
 F = Levels seen in this place.
 G = Mean time per level.
                   A        B        C        D        E       F      G
               +--------+--------+--------+--------+--------+-----+--------+
         Total |   2030 |   1857 |    173 |      4 |      0 |   5 |  406.0 |
       Dungeon |   1902 |   1742 |    160 |      4 |      0 |   4 |  475.5 |
        Temple |    128 |    115 |     13 |      0 |      0 |   1 |  128.0 |
               +--------+--------+--------+--------+--------+-----+--------+

Top non-repeatable levels by time:
     D:2: 622 daAuts
     D:1: 582 daAuts
     D:3: 549 daAuts
     D:4: 148 daAuts
  Temple: 128 daAuts
